 Dungeon Crawl Stone Soup version 0.30.0-5-g1a98f26d00 (webtiles) character file.

Game seed: 1314392965295378003

24372 jimonade the Carver (level 12, -15/76 HPs)
             Began as a Vampire Monk on May 8, 2023.
             Was an Elder of Wu Jian.
             Demolished by a death yak (35 damage)
             ... on level 2 of the Lair of Beasts.
             The game lasted 00:47:12 (14272 turns).

jimonade the Carver (Vampire Monk)                 Turns: 14272, Time: 00:47:13

Health: -15/76     AC: 24    Str: 10    XL:     12   Next: 80%
Magic:  12/12      EV: 14    Int: 13    God:    Wu Jian [****..]
Gold:   977        SH:  0    Dex: 25    Spells: 11/11 levels left

rFire   + . .        a - +8 triple sword (chaos)
rCold   + + +        (shield currently unavailable)
rNeg    + + +        B - +8 plate armour of the Jolly Seas {Dex+4}
rPois   ∞            (no helmet)
rElec   .            o - scarf {rC+ rF+}
rCorr   .            N - +0 pair of gloves
SInv    +            P - +0 pair of boots
Will    +....        M - amulet of the acrobat
Stlth   +            w - +5 ring of evasion
HPRegen 0.00/turn    J - +5 ring of evasion
MPRegen 0.13/turn

%: acrobat
@: exhausted, bloodless, inhibited regen
A: bloodless, fangs 3, see invisible, vampiric 2
a: Bat Form, Revivify, Renounce Religion, Wall Jump, Serpent's Lash


You were on level 2 of the Lair of Beasts.
You worshipped Wu Jian.
Wu Jian was greatly pleased with you.
You visited 3 branches of the dungeon, and saw 13 of its levels.
You also visited: Volcano.

You collected 977 gold pieces.

Inventory:

Hand Weapons
 a - a +8 triple sword of chaos (weapon)
 k - a +3 scimitar of flaming
 n - a +2 great sword of flaming
 Q - a +3 scimitar of freezing
 Z - a +0 arbalest
Missiles
 i - 2 curare-tipped darts
 x - 16 poisoned darts (quivered)
 T - 4 javelins
Armour
 d - an orb of light
 o - a scarf of resistance (worn)
 B - the +8 plate armour of the Jolly Seas (worn) {Dex+4}
   (You found it on level 3 of the Dungeon)

   Dex:       It affects your dexterity (+4).
 I - +0 fire dragon scales
 N - a +0 pair of gloves (worn)
 P - a +0 pair of boots (worn)
 R - a +3 ring mail of fire resistance
Jewellery
 w - a +5 ring of evasion (left hand)
 F - a ring of protection from fire
 J - a +5 ring of evasion (right hand)
 M - an amulet of the acrobat (around neck)
 O - an amulet of guardian spirit
 W - a ring of willpower
Wands
 D - a wand of roots (17)
 K - a wand of paralysis (2)
 S - a wand of flame (13)
Scrolls
 h - a scroll of fog {unknown}
 q - 3 scrolls of enchant armour
 s - 3 scrolls of magic mapping
 y - 7 scrolls of teleportation
 A - 2 scrolls of blinking
 C - a scroll of torment
 H - a scroll of poison
 U - 3 scrolls of identify
 X - 2 scrolls of fear
 Y - a scroll of amnesia
Potions
 c - a potion of resistance {unknown}
 e - 2 potions of haste
 f - 4 potions of heal wounds
 j - a potion of berserk rage {unknown}
 l - 2 potions of brilliance {unknown}
 m - 9 potions of curing {unknown}
 p - 4 potions of flight {unknown}
 t - 3 potions of might {unknown}
 u - a potion of attraction {unknown}
 v - 2 potions of magic {unknown}
 z - 3 potions of invisibility {unknown}
 G - 3 potions of mutation {unknown}
 L - a potion of lignification {unknown}
Miscellaneous
 r - a phantom mirror


   Skills:
 + Level 9.1 Fighting
 - Level 11.2(14.3) Short Blades
 * Level 13.2(14.6) Long Blades
 - Level 2.3 Throwing
 + Level 7.9 Armour
 + Level 5.3 Dodging
 - Level 4.1 Stealth


You had 11 spell levels left.
You didn't know any spells.
Your spell library contained the following spells:

 Spells                   Type           Power      Damage    Failure   Level
 Necrotise                Necr           0%         1d4       100%        1
 Summon Small Mammal      Summ           0%         N/A       100%        1
 Call Canine Familiar     Summ           0%         N/A       100%        3
 Summon Guardian Golem    Hex/Summ       0%         N/A       100%        3
 Vampiric Draining        Necr           0%         2d6       100%        3
 Vhi's Electric Charge    Tloc/Air       0%         N/A       100%        3
 Leda's Liquefaction      Hex/Erth       0%         N/A       100%        4
 Summon Ice Beast         Ice/Summ       0%         N/A       100%        4
 Agony                    Necr           0%         N/A       100%        5
 Freezing Cloud           Conj/Ice/Air   0%         6-21      100%        5
 Lee's Rapid Deconstruct  Erth           0%         3d4*      100%        5
 Summon Mana Viper        Hex/Summ       0%         N/A       100%        5
 Statue Form              Tmut/Erth      0%         N/A       100%        6
 Monstrous Menagerie      Summ           0%         N/A       100%        7
 Fire Storm               Conj/Fire      0%         5d1       100%        9


Dungeon Overview and Level Annotations

Branches:
Dungeon (10/15)            Temple (1/1) D:7            Lair (2/5) D:10
  Swamp (0/4) Lair:2      Volcano (visited)
  Snake: Lair:2-3    Spider: Lair:2-3       Orc: D:9-12

Altars:
Ashenzari
Cheibriados
Dithmenos
Fedhas
Gozag
Hepliaklqana
Kikubaaqudgha
Makhleb
Nemelex Xobeh
Okawaru
Qazlal
Sif Muna
Trog
Uskayaw
Vehumet
Wu Jian
Xom
Yredelemnul

Annotations:
D:5 3 runed translucent doors, Irreverend's ghost, novice DECj
D:7 1 runed translucent door, LaggoTC's ghost, novice OpFE
D:8 exclusion: downstairs
Lair:2 exclusion: ice statue


Innate Abilities, Weirdness & Mutations

You do not regenerate when monsters are visible.
You are frail without blood (-20% HP).
You can heal yourself when you bite living creatures.
You are immune to poison.
You have razor-sharp teeth.
You have supernaturally acute eyesight. (SInv)
You are afflicted with vampirism and can become a bat while bloodless.


Message History

Okay, then.
Unknown command.
Unknown command.
A death yak comes into view.
The death yak bellows!
You lunge at the death yak.
You slash the death yak!
The death yak seems to grow stronger.
The death yak is lightly wounded.
The death yak gores you but does no damage.
You spin and attack the death yak.
You slash the death yak!
The death yak goes berserk!
The death yak is moderately wounded.
The death yak barely misses you.
The death yak gores you but does no damage.
Press: ? - help, v - describe, . - travel
Here: a death yak (moderately wounded, berserk, strong)
The floor.
Unknown command.
Your muscles tense, ready for explosive movement...
You spin and attack the death yak, with incredible momentum.
You slash the death yak!
The death yak is poisoned.
The death yak is moderately wounded.
You spin and attack the death yak, with incredible momentum.
You hit the death yak but do no damage.
The death yak seems to speed up.
You bite the death yak, but do no damage.
The death yak is moderately wounded.
Your supernatural speed expires.
You slash the death yak! You burn the death yak.
The death yak is heavily wounded.
The death yak gores you!
You slash the death yak!
The death yak suddenly seems more agile.
The death yak is severely wounded.
The death yak completely misses you. The death yak gores you!!
You hit the death yak.
The death yak is severely wounded.
The death yak gores you!!
* * * LOW HITPOINT WARNING * * *
The death yak gores you!!
You die...

*,~~~~,*......###...###...P
*,,~~~,**#....##.#.#.#4#..#
*..~≈~.###.#....#...#.#....
*..~≈~~............Z.......
*...≈~~##P.#....#.#.......#
*..~~~~~##..#.#########.P##
*...$~~~#.....#..#.#.......
*...~~~~#°..............P.#
*8...≈~~#Y@÷#÷..##...######
*$..~~~~...##÷####.#..#
*!^..~~~..###.# #....##
*:...~~~...#..###....#
*[∩..~~~..###..#.....#
*/...~~~..##..###....#
*$...~~~..###÷#P.....##
*$..~~~~.###..##......#
*8...~~~## ##.##...####


You could see a death yak (berserk, fast, strong, agile, very poisoned).

Vanquished Creatures
  A fire dragon (Volcano)
  Erica (D:10)
  A catoblepas (D:8)
  4 two-headed ogres
  2 death yaks (Lair:2)
  3 salamanders (Volcano)
  2 black mambas (Lair:2)
  2 cane toads (Lair:2)
  2 rime drakes
  12 komodo dragons
  2 ice devils (Lair:2)
  A tengu conjurer (D:8)
  A polar bear (Lair:2)
  A troll (D:9)
  3 blink frogs (Lair:2)
  2 shadows
  4 wyverns
  3 basilisks
  4 fire bats (Volcano)
  16 yaks
  Grum (D:10)
  7 steam dragons
  2 acid dragons
  3 water moccasins (Lair:1)
  2 orc warriors
  4 ice beasts
  4 black bears
  7 ogres
  A centaur (D:5)
  3 wolves
  5 kobold brigands
  8 bullfrogs
  4 scorpions
  3 two-headed ogre simulacra (Lair:2)
  A cane toad simulacrum (Lair:2)
  15 wights
  25 killer bees
  6 electric eels
  A jelly (D:6)
  A howler monkey (D:6)
  3 hounds
  3 orc priests
  A gnoll bouda (D:4)
  3 sleepcaps
  An iguana (D:6)
  8 orc wizards
  A spriggan simulacrum (Lair:2)
  6 adders
  7 gnolls
  A naga simulacrum (Lair:2)
  A shadow imp (D:7)
  2 white imps
  2 worms
  3 dart slugs
  23 orcs
  4 endoplasms
  A giant cockroach (D:1)
  7 goblins
  6 hobgoblins
  2 jackals (D:4)
  9 quokkas
  7 ball pythons
  14 bats
  2 frilled lizards (D:1)
  30 kobolds
  2 rats (D:3)
319 creatures vanquished.

Vanquished Creatures (others)
  A steam dragon (Volcano)
1 creature vanquished.

Grand Total: 320 creatures vanquished

Notes
Turn   | Place    | Note
-------+----------+-------------------------------------------
     0 | D:1      | jimonade the Vampire Monk began the quest for the Orb.
     0 | D:1      | Reached XP level 1. HP: 17/17 MP: 1/1
   363 | D:1      | Reached XP level 2. HP: 23/23 MP: 2/2
  1045 | D:2      | Gained mutation: You are afflicted with vampirism and can
                  | become a bat while bloodless. [Vampire growth]
  1045 | D:2      | Reached XP level 3. HP: 29/29 MP: 3/3
  1053 | D:2      | Found a faded altar of an unknown god.
  1834 | D:3      | Reached XP level 4. HP: 28/28 MP: 4/4
  1863 | D:3      | Identified the +8 plate armour of the Jolly Seas {Dex+4}
  2057 | D:3      | You fall into a shaft and drop 1 floor!
  2132 | D:4      | Noticed a steam dragon
  2136 | D:5      | Entered Level 5 of the Dungeon
  2887 | D:4      | Killed a steam dragon
  2888 | D:4      | Reached skill level 5 in Short Blades
  2888 | D:4      | Reached skill level 1 in Armour
  2888 | D:4      | Reached XP level 5. HP: 27/33 MP: 5/5
  3099 | D:5      | Reached XP level 6. HP: 32/38 MP: 6/6
  3192 | D:5      | Reached skill level 1 in Stealth
  3331 | D:5      | Noticed Irreverend's ghost (novice DECj)
  3354 | D:5      | Reached XP level 7. HP: 6/43 MP: 7/7
  3949 | D:5      | Found a runed translucent gate.
  3956 | D:5      | Found a runed translucent gate.
  3959 | D:5      | Found a runed translucent gate.
  3999 | D:5      | Found an opulent altar of Gozag.
  4036 | D:5      | Found a blossoming altar of Fedhas.
  4924 | D:6      | Reached skill level 5 in Fighting
  4993 | D:6      | Reached XP level 8. HP: 49/49 MP: 8/8
  5714 | D:7      | Found a radiant altar of Vehumet.
  5744 | D:7      | Found a staircase to the Ecumenical Temple.
  5744 | D:7      | Identified the +0 whip of Kismet {flame, Drain rF+ rCorr
                  | Str+4}
  5760 | Temple   | Entered the Ecumenical Temple
  5868 | Temple   | Became a worshipper of the Wu Jian Council
  5868 | Temple   | Reached * piety under Wu Jian
  5868 | Temple   | Reached ** piety under Wu Jian
  5869 | Temple   | Upgraded the game from 0.30.0-3-ga4e48a9924 to
                  | 0.30.0-5-g1a98f26d00
  6047 | D:7      | Reached skill level 1 in Long Blades
  6081 | D:7      | Found a runed translucent door.
  6082 | D:7      | Noticed LaggoTC's ghost (novice OpFE)
  6082 | D:7      | Noticed a boulder beetle
  6089 | D:7      | Found a bloodstained altar of Trog.
  6278 | D:7      | Found a shimmering blue altar of Sif Muna.
  6347 | D:7      | Reached XP level 9. HP: 55/55 MP: 9/9
  6435 | D:7      | Reached skill level 2 in Long Blades
  6966 | D:8      | Noticed a two-headed ogre
  7360 | D:8      | Killed a two-headed ogre
  7361 | D:8      | Reached skill level 10 in Short Blades
  7361 | D:8      | Reached skill level 3 in Long Blades
  7361 | D:8      | Reached skill level 1 in Throwing
  7421 | D:8      | Reached skill level 5 in Armour
  7669 | D:8      | Noticed a tengu conjurer
  7679 | D:8      | Killed a tengu conjurer
  7768 | D:8      | Reached *** piety under Wu Jian
  7781 | D:8      | Reached skill level 4 in Long Blades
  7902 | D:8      | Noticed a catoblepas
  7925 | D:8      | Killed a catoblepas
  7926 | D:8      | Reached XP level 10. HP: 35/61 MP: 10/10
  8159 | D:8      | Got Zibaicad's Secrets of Foggy Flames
  8624 | D:9      | Found a burning altar of Makhleb.
  8792 | D:9      | Paralysed by a wight for 3 turns
  8949 | D:9      | Noticed a two-headed ogre
  8954 | D:9      | Reached skill level 5 in Long Blades
  8958 | D:9      | Killed a two-headed ogre
  8959 | D:9      | Reached skill level 5 in Dodging
  9787 | D:10     | Entered Level 10 of the Dungeon
 10224 | D:10     | Reached skill level 6 in Long Blades
 10441 | D:10     | Reached XP level 11. HP: 59/67 MP: 11/11
 10488 | D:10     | Reached **** piety under Wu Jian
 10510 | D:10     | Noticed Erica
 10513 | D:10     | Killed Erica
 10547 | D:10     | Found a staircase to the Lair.
 10555 | D:10     | Reached skill level 7 in Long Blades
 10812 | D:10     | Noticed Grum
 10826 | D:10     | Killed Grum
 11002 | Lair:1   | Entered Level 1 of the Lair of Beasts
 11039 | Lair:1   | Reached skill level 8 in Long Blades
 11469 | Lair:1   | Identified the +10 war axe of True Grit {flame, rC+}
 11493 | Lair:1   | Reached skill level 9 in Long Blades
 12004 | Lair:2   | Found a dark tunnel.
 12021 | Volcano  | Entered a volcano
 12096 | Volcano  | Noticed a two-headed ogre
 12107 | Volcano  | Reached skill level 10 in Long Blades
 12108 | Volcano  | Killed a two-headed ogre
 12240 | Volcano  | Reached XP level 12. HP: 64/73 MP: 12/12
 12528 | Volcano  | Reached skill level 11 in Long Blades
 12778 | Volcano  | Noticed a two-headed ogre
 12813 | Volcano  | Killed a two-headed ogre
 12849 | Volcano  | Noticed a fire dragon
 12869 | Volcano  | Killed a fire dragon
 13412 | Lair:2   | Reached skill level 12 in Long Blades
 13954 | Lair:2   | Noticed a death yak
 13997 | Lair:2   | Noticed a death yak
 14010 | Lair:2   | Killed a death yak
 14015 | Lair:2   | Killed a death yak
 14016 | Lair:2   | Reached skill level 13 in Long Blades
 14256 | Lair:2   | Noticed a death yak
 14272 | Lair:2   | Demolished by a death yak

Illustrated notes

Levels and vault maps discovered:
D:1:      amcnicky_arrival_abandoned_market, layout_basic
D:2:      layout_loops_ring, shapermc_ecumenical_altar_mp_ritualfount
D:3:      layout_rooms, nicolae_ru_the_path_less_chosen, saegor_snake_ambush
D:4:      layout_loops_ring, nicolae_tso_carved_into_rock
D:5:      layout_cave_pools, grunt_gozag_statues,
          nicolae_overflow_hidden_temple, gammafunk_ghost_icy,
          serial_bayou_lagoon_a, minmay_misc_feat_ornament, nrook_loot_triangle,
          minmay_misc_feat_enclosed
D:6:      old_forge, layout_loops_corners,
          nicolae_concentric_dashed_squares_wild
D:7:      layout_loops_ring, mainiacjoe_overflow_alcove_4, trog_hazing_becter,
          led_sif_pool, lemuel_doored_altar, minmay_temple_entry_steel_oval,
          serial_rivers, chequers_serial_rivers_micro_a,
          chequers_serial_rivers_large_b, chequers_serial_rivers_large_a,
          chequers_serial_rivers_micro_d, chequers_serial_rivers_small_b,
          ebering_ghost_inner_flame, nrook_mini_backslash,
          kennysheep_windowed_goal
D:8:      layout_basic, minmay_diamond_spiral
D:9:      layout_rooms, lemuel_tele_altar, serial_bayou, serial_bayou_ford_a,
          serial_bayou_pond_d, serial_bayou_shore_a, serial_bayou_pond_a
D:10:     layout_basic, erik_lair_dragon, moated_statue, uniq_grum, uniq_erica
Temple:   hellmonk_temple_forest_ring
Lair:1:   layout_gridlike, st_stairs_10
Lair:2:   dreamdust_isle_of_ice, layout_loops_ring, palyth_hydra_swamp_entry,
          nicolae_volcano_entry_lava_flow

Skill      XL: |  1  2  3  4  5  6  7  8  9 10 11 12 |
---------------+-------------------------------------+-----
Fighting       | 3 4 5 6 7 8 9 |  9.1
Dodging        | 4 5 |  5.3
Short Blades   | 4 5 6 7 9 10 11 | 11.2
Armour         | 1 2 3 4 5 6 7 |  7.9
Stealth        | 1 3 4 |  4.1
Long Blades    | 1 4 6 10 13 | 13.2
Throwing       | 1 2 |  2.3

Action                     |  1- 3 |  4- 6 |  7- 9 | 10-12 || total
---------------------------+-------+-------+-------+-------++-------
  Melee: Short sword       |    84 |   100 |   327 |   194 ||   705
         Bite              |     7 |    17 |    62 |    98 ||   184
         Rapier            |     1 |       |       |       ||     1
         Dagger            |       |       |       |    48 ||    48
         Triple sword      |       |       |       |   115 ||   115
         Scimitar          |       |       |       |   282 ||   282
  Throw: Dart              |       |       |    13 |     7 ||    20
 Invoke: Serpent's Lash    |       |       |     1 |    11 ||    12
Ability: Exsanguinate      |     1 |       |       |       ||     1
         End Transformatio |       |     1 |     2 |       ||     3
         Bat Form          |       |     1 |     2 |       ||     3
         Lunge             |       |       |    18 |    51 ||    69
         Whirlwind         |       |       |    32 |   286 ||   318
    Use: Scroll            |       |     6 |     4 |    12 ||    22
         Potion            |       |       |       |     2 ||     2
   Stab: Held in net/web   |       |       |     2 |       ||     2
         Confused          |       |       |       |     1 ||     1
 Armour: Robe              |     8 |       |       |       ||     8
         Leather armour    |     4 |       |       |       ||     4
         Plate armour      |       |    65 |    90 |   203 ||   358
  Dodge: Dodged            |    60 |    22 |   138 |   262 ||   482
